AoeStats
← miguelon01

Lombardia

507591592Analyzed
4v4 RM · 13d ago on Sep 18, 2026· 43m 1s· 8 players
Game mode
Random Map
Map size
Large (8 player)
Population
200
Speed
Normal
Resources
Standard
Victory
Conquest
Starting age
Dark Age
Ending age
Imperial Age
RankedLock teamsTeams togetherTeam positionsShared explorationLock speedFull tech treeHidden civsTurbo modeCheats
Victory
Defeat
🇳🇿 Cumans · New Zealand
1198
+14
🇺🇸 Sicilians · United States
1181
+14
🇬🇧 Burmese · United Kingdom
1168
+15
🇵🇱 Poles · Poland
1085
+18
🇦🇷 Hindustanis · Argentina
1170
-16
🇺🇸 Vietnamese · United States
1152
-16
🇧🇷 Slavs · Brazil
1129
-15
🇵🇪 Franks · Peru
1120
-14
Kodrokos
7:38 Loom
10:29 Feudal Age
10:55 Feudal Age
15:41 Double-Bit Axe
17:22 Wheelbarrow
19:25 Castle Age
23:27 Forging
24:03 Bow Saw
25:21 Town Watch
25:59 Pikeman
28:59 Husbandry
31:10 Iron Casting
31:59 Stone Mining
31:59 Gold Mining
32:12 Scale Mail Armor
35:02 Horse Collar
35:42 Chain Mail Armor
40:41 Imperial Age
38:27 Hand Cart
40:58 Halberdier
41:38 Squires
42:14 Plate Mail Armor
Yosef_
7:04 Loom
12:40 Feudal Age
17:12 Castle Age
16:18 Double-Bit Axe
25:08 Stone Mining
28:30 Fletching
30:23 Bodkin Arrow
32:18 Wheelbarrow
32:34 Forging
32:53 Ballistics
38:55 Imperial Age
36:55 Hand Cart
Neitan
10:33 Feudal Age
14:25 Castle Age
14:15 Double-Bit Axe
15:50 Horse Collar
16:35 Bow Saw
17:16 Heavy Plow
19:13 Loom
21:06 Wheelbarrow
22:52 Scale Barding Armor
25:08 Husbandry
25:18 Bloodlines
26:33 Gold Mining
32:04 Imperial Age
31:19 Chain Barding Armor
31:10 Forging
33:46 Chemistry
32:21 Heavy Camel Rider
33:39 Plate Barding Armor
33:42 Iron Casting
35:41 Conscription
35:35 Grand Trunk Road
35:59 Imperial Camel Rider
37:37 Scale Mail Armor
37:58 Town Watch
38:28 Hand Cart
42:34 Padded Archer Armor
miguelon01
3:23 Loom
10:36 Feudal Age
21:41 Castle Age
20:15 Gold Mining
20:23 Double-Bit Axe
20:23 Horse Collar
21:22 Stone Mining
23:11 Wheelbarrow
23:52 Pikeman
26:51 Fletching
33:45 Forging
36:26 Scale Barding Armor
37:34 Iron Casting
OXYEHHO
8:04 Loom
10:03 Feudal Age
8:23 Loom
10:59 Double-Bit Axe
18:59 Scale Barding Armor
20:22 Forging
23:38 Castle Age
21:29 Horse Collar
22:50 Bloodlines
23:19 Gold Mining
23:43 Light Cavalry
24:49 Chain Barding Armor
26:18 Iron Casting
26:45 Husbandry
33:17 Bow Saw
33:53 Heavy Plow
35:15 Wheelbarrow
35:06 Pikeman
38:49 First Crusade
38:51 Scale Mail Armor
39:09 Squires
40:23 Chain Mail Armor
42:48 Gold Shaft Mining
46:09 Imperial Age
The_Only_Koala
11:04 Feudal Age
9:48 Loom
14:59 Castle Age
14:11 Horse Collar
15:03 Stone Mining
15:54 Wheelbarrow
16:09 Heavy Plow
16:28 Gold Mining
20:54 Scale Barding Armor
23:05 Chain Barding Armor
27:24 Forging
27:17 Husbandry
27:27 Bloodlines
28:21 Manipur Cavalry
29:27 Hand Cart
31:37 Town Watch
32:26 Fervor
35:38 Imperial Age
33:59 Iron Casting
36:01 Elite Arambai
37:04 Conscription
39:20 Pikeman
40:00 Squires
39:46 Gambesons
41:12 Plate Barding Armor
41:37 Blast Furnace
matys95
11:43 Feudal Age
16:23 Castle Age
16:53 Double-Bit Axe
16:50 Horse Collar
20:00 Loom
23:08 Bow Saw
24:58 Light Cavalry
25:51 Bloodlines
25:46 Husbandry
25:53 Scale Barding Armor
27:05 Wheelbarrow
26:36 Gold Mining
26:39 Stone Mining
27:41 Heavy Plow
28:09 Chain Barding Armor
27:59 Forging
31:00 Stone Shaft Mining
33:00 Imperial Age
34:35 Szlachta Privileges
34:12 Cavalier
34:18 Winged Hussar
34:27 Winged Hussar
42:47 Caravan
42:39 Capped Ram
rukas
9:10 Feudal Age
9:45 Double-Bit Axe
9:59 Horse Collar
19:35 Castle Age
21:43 Heavy Plow
22:02 Bow Saw
21:55 Heavy Plow
22:57 Loom
24:52 Wheelbarrow
26:39 Scale Barding Armor
26:44 Forging
29:08 Chain Barding Armor
29:23 Iron Casting
32:43 Imperial Age
30:31 Hand Cart
30:02 Town Watch
30:49 Bloodlines
32:37 Masonry
32:47 Cavalier
34:04 Plate Barding Armor
34:57 Conscription
34:42 Steppe Husbandry
34:16 Paladin
35:47 Ballistics
37:10 Blast Furnace
36:08 Fletching
37:20 Chemistry
37:14 Scale Mail Armor
36:48 Pikeman
37:28 Squires
37:19 Halberdier
39:33 Fletching
39:58 Chain Mail Armor
41:55 Plate Mail Armor
Connection lost

Rejoining the realm…

Still unreachable

The connection could not be restored.

Session expired

The server has moved on; the page needs a fresh start.